 Dungeon Crawl Stone Soup version 0.28.0-45-g0d030f2227 (webtiles) character file.

Game seed: 11287942293599818449

3496 protoss039 the Fighter (level 9, 0/75 HPs)
             Began as a Demonspawn Earth Elementalist on May 18, 2022.
             Was an Initiate of Vehumet.
             Slain by Erica
             ... wielding a +2 scimitar of flaming
              (1 damage)
             ... on level 8 of the Dungeon.
             The game lasted 00:22:14 (10888 turns).

protoss039 the Fighter (DsEE)                      Turns: 10888, Time: 00:22:16

Health: 0/75       AC: 12    Str:  8    XL:     9   Next: 80%
Magic:  26/26      EV: 18    Int: 22    God:    Vehumet [......]
Gold:   407        SH:  0    Dex: 13    Spells: 13/19 levels left

rFire   + . .      SeeInvis .   (weapon currently unavailable)
rCold   . . .      Faith    .   (shield currently unavailable)
rNeg    + + +      Spirit   .   (armour currently unavailable)
rPois   +          Reflect  .   (helmet currently unavailable)
rElec   .          Harm     .   (cloak currently unavailable)
rCorr   .          Rampage  .   (gloves currently unavailable)
Will    .....                   (boots currently unavailable)
Stlth   ++........              t - amulet of regeneration
HPRegen 1.02/turn               p - ring of protection from fire
MPRegen 0.20/turn               G - ring of magical power

@: fungus-form, slowed, very slow
A: melee confuse, terrified, no casting, tiny, (claws 2), (thin metallic scales
1), ignite blood 2, powered by death 1
a: Renounce Religion


You were on level 8 of the Dungeon.
You worshipped Vehumet.
Vehumet was noncommittal.
You were a sentient fungus.
You visited 2 branches of the dungeon, and saw 9 of its levels.
You also visited: Sewer.

You collected 407 gold pieces.

Inventory:

Hand Weapons
 f - a +0 dagger of venom
 y - a +4 scythe of protection
 H - a +2 war axe of flaming (melded)
Missiles
 c - 228 stones (quivered)
 h - 24 poisoned darts
Armour
 d - a +2 leather armour of cold resistance
 s - a +0 cloak (melded)
 A - a +0 pair of boots (melded)
 C - the +4 ring mail of Living Intercession (melded) {+Blink Regen+}
   (You found it on level 7 of the Dungeon)

   +Blink:    It lets you blink.
   Regen:     It increases your rate of health regeneration.
 I - +0 steam dragon scales
Jewellery
 e - a +6 ring of strength
 k - a ring of flight
 p - a ring of protection from fire (left hypha)
 t - an amulet of regeneration (around neck)
 G - a ring of magical power (right hypha)
Wands
 m - a wand of acid (5)
 x - a wand of mindburst (14)
 D - a wand of flame (11)
Scrolls
 a - a scroll of identify
 g - a scroll of brand weapon {unknown}
 i - a scroll of amnesia {unknown}
 j - 2 scrolls of blinking {unknown}
 n - a scroll of fog {unknown}
 q - 3 scrolls of fear
 v - 2 scrolls of enchant weapon {unknown}
 E - a scroll of silence {unknown}
Potions
 b - a potion of invisibility {unknown}
 l - a potion of haste
 o - a potion of brilliance
 r - 3 potions of magic
 u - 2 potions of mutation {unknown}
 z - a potion of lignification {unknown}
 B - a potion of curing {unknown}
 F - a potion of might
 J - a potion of flight {unknown}


   Skills:
 + Level 8.3 Fighting
 * Level 3.6 Armour
 - Level 1.7 Dodging
 - Level 1.7 Stealth
 + Level 5.9 Spellcasting
 + Level 5.6 Conjurations
 - Level 1.0 Transmutations
 + Level 6.1 Earth Magic


You had 13 spell levels left.
You knew the following spells:

 Your Spells              Type           Power      Damage    Failure   Level
a - Sandblast             Erth           66%        2d15      1%          1
b - Passwall              Tmut/Erth      18%        N/A       3%          2
c - Stone Arrow           Conj/Erth      64%        3d11      2%          3

Your spell library contained the following spells:

 Spells                   Type           Power      Damage    Failure   Level
 Petrify                  Tmut/Erth      22%        N/A       22%         4


Dungeon Overview and Level Annotations

Branches:
Dungeon (8/15)             Temple (1/1) D:7           Sewer (visited)
   Lair: D:8-11

Altars:
Ashenzari
Cheibriados
Dithmenos
Fedhas
Gozag
Hepliaklqana
Makhleb
Nemelex Xobeh
Qazlal
Ru
Sif Muna
Trog
Uskayaw
Vehumet
Xom
Yredelemnul
Zin
The Shining One

Shops:
D:2 :

Annotations:
D:8 Erica, Pikel, Psyche


Innate Abilities, Weirdness & Mutations

You are a sentient fungus.
You are tiny and evasive.
Your melee attack releases spores that confuse breathing creatures.
You become terrified and freeze when enemies are visible.
Your armour is entirely melded.
You are incapable of wielding weapons or throwing items.
You cannot cast spells.
((You have very sharp fingernails.))
((You are partially covered in thin metallic scales. (AC +2)))
Your demonic aura often causes spilled blood to erupt in flames.
You regenerate a little health from kills.


Message History

Unknown command.
Unknown command.
You feel sick.
Psyche casts a spell.
A swirling arc of seething chaos appears!
The arc of chaos hits the orc.
The orc is poisoned.
Psyche's attack snaps the orc out of its fear.
Psyche says, "Once you're dead we can play together!"
Psyche gestures at you while chanting.
You turn into a sentient fungus.
Your +2 war axe of flaming melds into your body.
Your +0 cloak melds into your body.
Your +0 pair of boots melds into your body.
The +4 ring mail of Living Intercession {+Blink Regen+} melds into your body.
Your +2 war axe of flaming stops flaming.
Erica closely misses you.
You hear a shout!
Unknown command.
Unknown command.
You're too terrified to move while being watched!
Unknown command.
Aiming: Corrosive Bolt
Press: ? - help, Shift-Dir - straight line, f - Erica
Aim: Erica, wielding a +2 scimitar of flaming and wearing a +0 robe (fast, chance to confuse on hit: 50%, 68% to hit)
The bolt of acid misses Erica.
The orc shouts!
You feel sick.
You are no longer poisoned.
Erica hits you with a +2 scimitar of flaming!
* * * LOW HITPOINT WARNING * * *
Erica burns you.
* * * LOW HITPOINT WARNING * * *
Psyche gestures wildly while chanting.
A swirling arc of seething chaos appears!
The arc of chaos hits the orc.
The orc dies!
Erica hits you with a +2 scimitar of flaming!
* * * LOW HITPOINT WARNING * * *
Erica burns you.
You die...

#.......#...##..... ...
##...#..##.......... ♣.>
#....#..#...........
.... #....?.............
#....#..................
#...##...............#.
....#.##.@...........#
♣..@###...........##
...#f###............# #.
#..##............#
.................#####..
...........#.#..## #..
..........####..# #...
K......@.)# #...# #....
55........# ## .. ......
.........## .........
.........# ........


You could see Erica (fast) and Psyche.

Vanquished Creatures
  Joseph (D:8)
  Sigmund (D:5)
  A wyvern (D:8)
  A steam dragon (D:8)
  A water moccasin (D:6)
  2 orc warriors
  2 ice beasts (D:7)
  A black bear (D:6)
  2 ogres (D:5)
  2 necrophages (D:5)
  5 kobold brigands
  2 phantoms
  A wyvern zombie (D:7)
  2 scorpions
  A water moccasin zombie (D:5)
  A water moccasin skeleton (D:5)
  An electric eel (D:6)
  A howler monkey (D:6)
  2 centaur zombies
  An orc priest (D:6)
  2 hounds
  A jelly (D:6)
  Crazy Yiuf (D:3)
  2 centaur skeletons (D:6)
  Ijyb (D:3)
  Natasha (thrice) (D:3)
  5 iguanas
  10 orc wizards
  A killer bee zombie (D:7)
  A hound skeleton (D:5)
  8 adders
  3 river rats (Sewer)
  A shadow imp (D:7)
  An ufetubus (D:7)
  An adder skeleton (D:5)
  4 worms
  3 dart slugs
  28 orcs
  3 endoplasms
  5 giant cockroaches
  5 hobgoblins
  4 jackals (D:4)
  2 quokkas (D:3)
  9 ball pythons
  3 bats
  A frilled lizard (D:2)
  4 goblins (D:4)
  21 kobolds
  7 rats
171 creatures vanquished.

Vanquished Creatures (others)
  An orc (D:8)
1 creature vanquished.

Grand Total: 172 creatures vanquished

Notes
Turn   | Place    | Note
-------+----------+-------------------------------------------
     0 | D:1      | protoss039 the Demonspawn Earth Elementalist began the
                  | quest for the Orb.
     0 | D:1      | Reached XP level 1. HP: 13/13 MP: 3/3
   166 | D:1      | Reached skill level 1 in Transmutations
   643 | D:1      | Reached skill level 1 in Fighting
   643 | D:1      | Gained mutation: You are partially covered in thin metallic
                  | scales. (AC +2) [demonic ancestry]
   643 | D:1      | Reached XP level 2. HP: 15/21 MP: 3/5
  1285 | D:1      | Learned a level 2 spell: Passwall
  2058 | D:2      | Gained mutation: Your demonic aura sometimes causes spilled
                  | blood to erupt in flames. [demonic ancestry]
  2058 | D:2      | Reached XP level 3. HP: 17/27 MP: 4/6
  2353 | D:2      | Found Bosuodot's Book Shoppe.
  2453 | D:3      | Learned a level 3 spell: Stone Arrow
  2629 | D:3      | Found a glowing drain.
  2633 | Sewer    | Entered a sewer
  2665 | Sewer    | Noticed a kobold brigand
  2685 | Sewer    | Killed a kobold brigand
  2686 | Sewer    | Reached skill level 2 in Fighting
  2686 | Sewer    | Reached skill level 1 in Conjurations
  2686 | Sewer    | Gained mutation: Your demonic aura often causes spilled
                  | blood to erupt in flames. [demonic ancestry]
  2686 | Sewer    | Reached XP level 4. HP: 5/34 MP: 1/8
  2957 | Sewer    | Noticed a kobold brigand
  2970 | Sewer    | Killed a kobold brigand
  2971 | Sewer    | Reached skill level 3 in Fighting
  2971 | Sewer    | Gained mutation: You regenerate a little health from kills.
                  | [demonic ancestry]
  2971 | Sewer    | Reached XP level 5. HP: 13/41 MP: 2/9
  3549 | Sewer    | Reached XP level 6. HP: 43/48 MP: 10/10
  3667 | Sewer    | Reached skill level 4 in Fighting
  4701 | D:3      | Noticed Ijyb
  5343 | D:3      | Noticed Natasha
  5351 | D:3      | Killed Natasha
  5480 | D:3      | Noticed Natasha
  5492 | D:3      | Killed Natasha
  5553 | D:3      | Noticed Natasha
  5563 | D:3      | Killed Natasha
  5634 | D:3      | Killed Ijyb
  5635 | D:3      | Reached XP level 7. HP: 6/55 MP: 0/12
  5993 | D:3      | Found a runed translucent door.
  5994 | D:3      | Noticed Crazy Yiuf
  6228 | D:3      | Killed Crazy Yiuf
  6835 | D:4      | Reached skill level 5 in Fighting
  7005 | D:5      | Entered Level 5 of the Dungeon
  7459 | D:5      | Gained mutation: You have sharp fingernails. [demonic
                  | ancestry]
  7459 | D:5      | Reached XP level 8. HP: 57/60 MP: 0/14
  7640 | D:5      | Noticed Sigmund
  7650 | D:5      | Reached skill level 6 in Fighting
  8077 | D:5      | Killed Sigmund
  8078 | D:5      | Reached skill level 5 in Earth Magic
  8535 | D:6      | Reached skill level 7 in Fighting
  8535 | D:6      | Reached skill level 5 in Spellcasting
  8579 | D:6      | Found a shimmering altar of Xom.
  8720 | D:6      | Reached skill level 1 in Armour
  8734 | D:6      | Gained mutation: You have very sharp fingernails. [demonic
                  | ancestry]
  8734 | D:6      | Reached XP level 9. HP: 36/72 MP: 6/16
  9415 | D:7      | Reached skill level 5 in Conjurations
  9697 | D:7      | Identified the +4 ring mail of Living Intercession {+Blink
                  | Regen+}
  9849 | D:7      | Found a staircase to the Ecumenical Temple.
  9930 | Temple   | Entered the Ecumenical Temple
 10020 | Temple   | Became a worshipper of Vehumet
 10251 | D:7      | Reached skill level 8 in Fighting
 10623 | D:8      | Noticed Joseph
 10636 | D:8      | Killed Joseph
 10876 | D:8      | Noticed Erica
 10885 | D:8      | Noticed Pikel
 10885 | D:8      | Noticed Psyche
 10888 | D:8      | HP: 1/75 [Erica/+2 scimitar of flaming (14)]
 10888 | D:8      | Slain by Erica

Illustrated notes

Levels and vault maps discovered:
D:1:      minmay_arrival_solitary_statue, layout_loops_ring, minmay_octomino_j4
D:2:      layout_loops_ring, serial_shops, nicolae_shop_advertising_works
          [nicolae_subvault_shop_adworks], basic_altar
D:3:      layout_basic, gup_sewer_entry_bowl, uniq_crazy_yiuf_cottage,
          uniq_ijyb, uniq_natasha
D:4:      layout_basic, lemuel_tele_altar, serial_bayou_pond_d,
          minmay_goblin_outpost
D:5:      layout_loops_ring, uniq_sigmund
D:6:      layout_cave_pools, mainiacjoe_overflow_cross_hatched,
          kennysheep_big_empty_room, nicolae_concentric_dashed_squares_wild
D:7:      layout_basic, temple_hall
D:8:      layout_cave_pools, nicolae_ossuary_entry_giza,
          eino_small_chamber_without_monster, grunt_ministairs_13, uniq_erica,
          uniq_joseph, uniq_pikel, uniq_psyche
Temple:   lightli_temple_of_artemis

Skill      XL: |  1  2  3  4  5  6  7  8  9 |
---------------+----------------------------+-----
Transmutations | 1 |  1.0
Fighting       | 1 2 3 4 5 7 8 |  8.3
Earth Magic    | 3 4 5 6 |  6.1
Conjurations   | 1 2 3 4 5 |  5.6
Spellcasting   | 3 4 5 |  5.9
Armour         | 1 3 |  3.6
Dodging        | |  1.7
Stealth        | |  1.7

Action                   |  1- 3 |  4- 6 |  7- 9 || total
-------------------------+-------+-------+-------++-------
Melee: Short sword       |    22 |       |       ||    22
       Dagger            |    39 |   163 |   247 ||   449
       Punch             |       |     2 |     4 ||     6
       Scythe            |       |       |    27 ||    27
       War axe           |       |       |    46 ||    46
Throw: Dart              |       |     2 |     2 ||     4
       Stone             |       |       |     2 ||     2
 Cast: Sandblast         |    12 |    18 |    25 ||    55
       Stone Arrow       |       |     8 |    56 ||    64
Evoke: Wand              |       |       |     2 ||     2
  Use: Potion            |     5 |     1 |       ||     6
       Scroll            |       |     2 |     4 ||     6
 Stab: Sleeping          |     4 |     4 |     2 ||    10
Armor: Leather armour    |    15 |    35 |   167 ||   217
       Ring mail         |       |       |    11 ||    11
Dodge: Dodged            |    43 |    83 |   214 ||   340
